 Dungeon Crawl Stone Soup version 0.30-a0-920-g7493c07aab (webtiles) character file.

Game seed: 16067587341595829661

60 bande the Shield-Bearer (level 4, -5/29 HPs)
             Began as a Gargoyle Fighter on Mar 21, 2023.
             Slain by Crazy Yiuf
             ... wielding a +4 quarterstaff of chaos
              (9 damage)
             ... on level 2 of the Dungeon.
             The game lasted 00:02:54 (1219 turns).

bande the Shield-Bearer (Gargoyle Fighter)          Turns: 1219, Time: 00:02:55

Health: -5/29      AC: 11    Str: 20    XL:     4   Next: 6%
Magic:  4/4        EV: 14    Int:  8    God:
Gold:   67         SH:  4    Dex: 11    Spells: 3/3 levels left

rFire   . . .      SeeInvis .    a - +0 war axe
rCold   . . .      Faith    .    c - +0 buckler
rNeg    + . .      Spirit   .    b - +0 scale mail
rPois   ∞          Reflect  .    (no helmet)
rElec   +          Rampage  .    (no cloak)
rCorr   .                        (no gloves)
Will    .....                    j - +0 pair of boots Stlth
                                 (no amulet)
HPRegen 0.24/turn                (no ring)
MPRegen 0.09/turn                (no ring)

@: mighty, agile, hasted, very quick
A: sickness immunity, AC +3, negative energy resistance 1, electricity
resistance, torment resistance 1, petrification resistance
a: no special abilities


You were on level 2 of the Dungeon.
You visited 1 branch of the dungeon, and saw 2 of its levels.

You collected 67 gold pieces.

Inventory:

Hand Weapons
 a - a +0 war axe (weapon)
Armour
 b - a +0 scale mail (worn)
 c - a +0 buckler (worn)
 j - a +0 pair of boots (worn)
Jewellery
 k - a ring of ice
Scrolls
 g - a scroll of teleportation
Potions
 e - a potion of flight {unknown}
 f - 2 potions of ambrosia
 i - a potion of curing {unknown}


   Skills:
 + Level 3.7 Fighting
 + Level 2.6 Axes
 + Level 3.8 Armour
 - Level 0.1 Stealth
 + Level 3.8 Shields


You had 3 spell levels left.
You didn't know any spells.
Your spell library contained the following spells:

 Spells                   Type           Power      Damage    Failure   Level
 Tukima's Dance           Hex            0%         N/A       99%         3
 Passage of Golubria      Tloc           0%         N/A       100%        4
 Yara's Violent Unravell  Hex/Tmut       0%         3d3       100%        5


Dungeon Overview and Level Annotations

Branches:
Dungeon (2/15)

Altars:

Annotations:
D:2 Crazy Yiuf


Innate Abilities, Weirdness & Mutations

You are immune to sickness and miasma.
Your stone body is resilient. (AC +3)
You are immune to poison.
You resist negative energy. (rN+)
You are resistant to electric shocks. (rElec)
You are resistant to unholy torment.
You are immune to petrification.


Message History

Crazy Yiuf is lightly wounded.
Crazy Yiuf hits you with a +4 quarterstaff of chaos.
Crazy Yiuf freezes you.
You hit Crazy Yiuf but do no damage.
Crazy Yiuf is lightly wounded.
Crazy Yiuf hits you with a +4 quarterstaff of chaos!
Crazy Yiuf burns you.
* * * LOW HITPOINT WARNING * * *
Crazy Yiuf closely misses you.
You hit Crazy Yiuf but do no damage.
Crazy Yiuf hits you with a +4 quarterstaff of chaos.
* * * LOW HITPOINT WARNING * * *
Crazy Yiuf freezes you.
* * * LOW HITPOINT WARNING * * *
You barely miss Crazy Yiuf.
Crazy Yiuf yells, "Mountain alas sow!"
Crazy Yiuf barely misses you. Crazy Yiuf hits you but does no damage.
You feel yourself speed up.
You feel very mighty all of a sudden.
You barely miss Crazy Yiuf.
Crazy Yiuf screams, "Snurf meccalolo disdain!"
Crazy Yiuf barely misses you.
You closely miss Crazy Yiuf.
Crazy Yiuf says, "Cod!"
Crazy Yiuf closely misses you.
You barely miss Crazy Yiuf. Crazy Yiuf barely misses you.
You closely miss Crazy Yiuf. Crazy Yiuf barely misses you.
You barely miss Crazy Yiuf. Crazy Yiuf barely misses you.
You hit Crazy Yiuf.
Crazy Yiuf is moderately wounded.
Crazy Yiuf says, "Liver bush cower!"
Crazy Yiuf hits you but does no damage.
You feel agile all of a sudden.
You barely miss Crazy Yiuf.
Crazy Yiuf is moderately wounded.
Crazy Yiuf hits you but does no damage.
You slash Crazy Yiuf!
Crazy Yiuf is severely wounded.
Crazy Yiuf hits you with a +4 quarterstaff of chaos!
You die...

# ##### #
#########
#..)#
####.......#
#...#
'..')......#
*...*
####÷......#
*#g#* #
#.......#
##@# #
######.##
#.## # #.#
##.# # #.#
#.## #.#
##.## #.#
#...## #.#
#PPP.# #.##
#....#
#..###....#


You could see Crazy Yiuf.

Vanquished Creatures
  A gnoll (D:1)
  An adder (D:2)
  A worm (D:2)
  A dart slug (D:2)
  A bat (D:1)
  2 endoplasms
  A giant cockroach (D:2)
  2 goblins
  7 hobgoblins
  4 jackals (D:1)
  A kobold (D:2)
  2 quokkas
  5 ball pythons
  A frilled lizard (D:2)
  3 rats (D:1)
33 creatures vanquished.

Notes
Turn   | Place    | Note
-------+----------+-------------------------------------------
     0 | D:1      | bande the Gargoyle Fighter began the quest for the Orb.
     0 | D:1      | Reached XP level 1. HP: 14/14 MP: 1/1
   148 | D:1      | Reached XP level 2. HP: 19/19 MP: 2/2
   327 | D:1      | Reached XP level 3. HP: 23/23 MP: 3/3
   751 | D:2      | Upgraded the game from 0.30-a0-918-g0ff054e9dc to
                  | 0.30-a0-920-g7493c07aab
   836 | D:2      | Found a runed translucent door.
   837 | D:2      | Noticed Crazy Yiuf
  1026 | D:2      | Reached XP level 4. HP: 29/29 MP: 4/4
  1219 | D:2      | Slain by Crazy Yiuf

Illustrated notes

Levels and vault maps discovered:
D:1:      minmay_arrival_split_and_join, layout_basic, minmay_shallow_snake_nest
D:2:      layout_basic, uniq_crazy_yiuf_cottage

Skill      XL: |  1  2 |
---------------+-------+-----
Axes           | 2 |  2.6
Fighting       | |  3.7
Armour         | |  3.8
Stealth        | |  0.1
Shields        | |  3.8

Action                     |  1- 3 |  4- 6 || total
---------------------------+-------+-------++-------
  Melee: War axe           |    87 |    21 ||   108
    Use: Scroll            |     4 |       ||     4
         Potion            |       |     2 ||     2
 Armour: Scale mail        |    46 |     4 ||    50
  Dodge: Dodged            |    42 |    11 ||    53
  Block: Buckler           |    21 |       ||    21

Table legend: (Time is in decaauts)
 A = Elapsed time spent in this place.
 B = Non-inter-level travel time spent in this place.
 C = Inter-level travel time spent in this place.
 D = Time resting spent in this place.
 E = Time spent auto-exploring this place.
 F = Levels seen in this place.
 G = Mean time per level.
                   A        B        C        D        E       F      G
               +--------+--------+--------+--------+--------+-----+--------+
         Total |   1262 |   1207 |     55 |      0 |    933 |   2 |  631.0 |
       Dungeon |   1262 |   1207 |     55 |      0 |    933 |   2 |  631.0 |
               +--------+--------+--------+--------+--------+-----+--------+

Top non-repeatable levels by time:
     D:1: 712 daAuts
     D:2: 550 daAuts
